 Dungeon Crawl Stone Soup version 0.31-a0-1074-g0b22e4e0f1 (webtiles) character file.

Game seed: 6840812756924109167

19952 grandjackal the Fighter (level 12, -6/116 HPs)
             Began as a Ghoul Monk on Dec 1, 2023.
             Was a High Priest of Kikubaaqudgha.
             Mangled by a polar bear (17 damage)
             ... on level 2 of the Lair of Beasts.
             The game lasted 00:15:01 (14030 turns).

grandjackal the Fighter (Ghoul Monk)               Turns: 14030, Time: 00:15:01

Health: -6/116     AC: 12    Str: 16    XL:     12   Next: 74%
Magic:  13/15      EV: 12    Int: 13    God:    Kikubaaqudgha [*****.]
Gold:   1206       SH:  0    Dex: 11    Spells: 0/17 levels left

rFire   . .          .
                       - Unarmed
rCold   + . .        (no shield)
rNeg    + + +        L - +0 acid dragon scales
rPois   ∞            E - +2 helmet
rElec   .            (no cloak)
rCorr   +            (no gloves)
SInv    .            A - +0 pair of boots
Will    .....        k - amulet of faith
Stlth   +            m - ring of flight
HPRegen 0.00/turn    n - ring of resist corrosion
MPRegen 0.14/turn

%: faith
@: flying, inhibited regen
A: claws 1, cold resistance 1, negative energy resistance 3, inhibited
regeneration, torment resistance 2, devour on kill
a: Renounce Religion, Unearth Wretches, Torment


You were on level 2 of the Lair of Beasts.
You worshipped Kikubaaqudgha.
Kikubaaqudgha was extremely pleased with you.
You visited 3 branches of the dungeon, and saw 16 of its levels.

You collected 1206 gold pieces.

Inventory:

Hand Weapons
 M - a +4 scimitar of flaming
Missiles
 r - 9 curare-tipped darts (quivered)
 z - 2 throwing nets
Armour
 c - an orb of light
 A - a +0 pair of boots (worn)
 E - a +2 helmet (worn)
 L - +0 acid dragon scales (worn)
Jewellery
 h - a ring of fire
 k - an amulet of faith (around neck)
 m - a ring of flight (left claw)
 n - a ring of resist corrosion (right claw)
Wands
 q - a wand of flame (16)
 y - a wand of polymorph (7)
 B - a wand of digging (13)
 D - a wand of charming (8)
 G - a wand of iceblast (9)
 O - a wand of light (3)
 P - a wand of mindburst (9)
Scrolls
 b - a scroll of fear {unknown}
 g - 3 scrolls of silence
 j - 2 scrolls of torment
 l - 4 scrolls of vulnerability {unknown}
 p - 5 scrolls of enchant weapon {unknown}
 t - a scroll of enchant armour {unknown}
 u - 8 scrolls of identify {unknown}
 v - a scroll of summoning {unknown}
 w - a scroll of brand weapon {unknown}
 C - 2 scrolls of blinking {unknown}
 F - 2 scrolls of amnesia {unknown}
 J - 3 scrolls of teleportation {unknown}
 K - a scroll of poison {unknown}
 N - a scroll of fog {unknown}
Potions
 a - 3 potions of enlightenment
 d - 2 potions of attraction
 e - a potion of haste
 f - 4 potions of curing {unknown}
 i - 2 potions of heal wounds {unknown}
 o - a potion of resistance {unknown}
 s - a potion of brilliance {unknown}
 x - 2 potions of degeneration {unknown}
 H - 3 potions of lignification {unknown}
 I - a potion of cancellation {unknown}
 Q - a potion of might {unknown}


   Skills:
 + Level 13.6 Fighting
 - Level 6.1 Armour
 - Level 3.0 Dodging
 + Level 13.4 Unarmed Combat
 - Level 3.3 Spellcasting
 + Level 8.7 Necromancy


You couldn't memorise any spells.
You knew the following spells:

 Your Spells              Type           Power      Damage    Failure   Level
a - Vampiric Draining     Necr           24%        2d7       2%          3
b - Animate Dead          Necr           24%        N/A       9%          4
c - Dispel Undead         Necr           24%        3d12      9%          4
d - Death Channel         Necr           12%        N/A       77%         6

Your spell library contained the following spells:

 Spells                   Type           Power      Damage    Failure   Level
 Necrotise                Necr           96%        1d8       1%          1
 Kiss of Death            Conj/Necr      52%        2d9       4%          1
 Apportation              Tloc           4%         N/A       30%         1
 Foxfire                  Conj/Fire      8%         2x1d4     30%         1
 Slow                     Hex            8%         N/A       30%         1
 Jinxbite                 Hex            4%         N/A       41%         2
 Poisonous Vapours        Pois/Air       4%         N/A       41%         2
 Anguish                  Hex/Necr       6%         N/A       43%         4
 Confusing Touch          Hex            2%         N/A       65%         3
 Mephitic Cloud           Conj/Pois/Air  2%         N/A       65%         3
 Volatile Blastmotes      Fire/Tloc      4%         2d10      65%         3
 Fulminant Prism          Conj/Hex       1%         3d5       96%         4
 Iskenderun's Mystic Bla  Conj/Tloc      2%         2d3       96%         4
 Petrify                  Tmut/Erth      2%         N/A       96%         4
 Alistair's Intoxication  Tmut/Pois      1%         N/A       100%        5
 Freezing Cloud           Conj/Ice/Air   1%         6-21      100%        5
 Irradiate                Conj/Tmut      1%         3d12      100%        5
 Simulacrum               Ice/Necr       6%         N/A       100%        6
 Sublimation of Blood     Necr           Unusable   N/A       N/A         2
 Wereblood                Tmut           Unusable   N/A       N/A         2

Dungeon Overview and Level Annotations

Branches:
Dungeon (13/15)            Temple (1/1) D:7            Lair (2/5) D:10
    Orc (0/2) D:9
  Swamp: Lair:2-3    Shoals: Lair:2-3     Snake: Lair:2-3    Spider: Lair:2-3
 Vaults: D:13-14

Altars:
Ashenzari
Cheibriados
Dithmenos
Fedhas
Gozag
Hepliaklqana
Kikubaaqudgha
Makhleb
Nemelex Xobeh
Okawaru
Qazlal
Ru
Sif Muna
Trog
Uskayaw
Vehumet
Wu Jian
Xom
Yredelemnul

Shops:
D:7 (   D:13 :

Annotations:
D:4 2 transporters
D:5 2 transporters, Demosthentine's ghost, amateur DsGl


Innate Abilities, Weirdness & Mutations

You are immune to poison.
You have sharp fingernails.
Your flesh is cold resistant. (rC+)
You are immune to negative energy. (rN+++)
You do not regenerate when monsters are visible.
You are immune to unholy pain and torment.
You thrive by killing the living.


Message History

You claw the wolf!
You kill the wolf!
Kikubaaqudgha accepts your kill.
You feel better.
You mangle the wyvern!!
You kill the wyvern!
Kikubaaqudgha accepts your kill.
You feel better. The wolf bites you.
You claw the polar bear!
The polar bear is severely wounded.
The wolf bites you but does no damage. x2; The wolf barely misses you. x2
The wolf bites you. x2
You barely miss the polar bear.
The polar bear is severely wounded.
The polar bear goes berserk!
The wolf barely misses you. The wolf bites you but does no damage.
The wolf completely misses you.
You claw the polar bear!
The polar bear is almost dead.
The polar bear bites you!
The polar bear claws you but does no damage. x2
The wolf bites you. x2; The wolf bites you!
* * * LOW HITPOINT WARNING * * *
You scratch the polar bear but do no damage.
Your claw misses the polar bear.
The polar bear is almost dead.
The wolf bites you but does no damage. The wolf bites you.
* * * LOW HITPOINT WARNING * * *
The polar bear closely misses you. x2
The polar bear claws you but does no damage.
The wolf bites you but does no damage. The wolf misses you. The wolf bites you!
* * * LOW HITPOINT WARNING * * *
The polar bear bites you!
* * * LOW HITPOINT WARNING * * *
The polar bear claws you but does no damage. x2
You closely miss the polar bear.
The polar bear is almost dead.
The wolf closely misses you. x2; The wolf bites you but does no damage.
The wolf closely misses you. The polar bear bites you!
You die...
Kikubaaqudgha rasps: "You have failed me!
Welcome... oblivion!"

⌠...⌠.# .....#
⌠...# .# ...###
... ###....###
....#..#†....#
.......#...⌠.+
#...hhh##..#
#....@h.# ...
................
.##...##.......
###. #.....#..
.# #.....# # ..
#......# ...
#.....## #..
.....#


You could see a polar bear (berserk) and 3 wolves.

Vanquished Creatures
  2 two-headed ogres
  Pikel (D:6)
  An ugly thing (D:10)
  4 elephants (Lair:1)
  A cyclops (D:12)
  2 black mambas
  Psyche (D:9)
  An unseen horror (D:11)
  2 rime drakes
  2 komodo dragons (Lair:1)
  4 trolls
  Grinder (D:3)
  6 slime creatures (D:12)
  A glass eye (D:11)
  2 water elementals (D:12)
  A shadow (D:12)
  2 wyverns
  29 yaks
  Eustachio (D:5)
  2 steam dragons (D:8)
  2 basilisks
  2 vampire mosquitoes (D:12)
  2 acid dragons
  5 water moccasins
  6 ice beasts
  4 orc warriors
  A black bear (D:4)
  4 sky beasts
  7 wolves
  An ogre (D:7)
  A centaur (D:10)
  2 phantoms
  5 kobold brigands
  5 bullfrogs
  5 scorpions
  3 wights (D:7)
  11 killer bees
  An electric eel (D:12)
  A howler monkey (D:6)
  3 jellies
  9 orc priests
  A gnoll bouda (D:9)
  2 hounds
  A sleepcap (D:5)
  Ijyb (D:3)
  Natasha (thrice) (D:3)
  17 orc wizards
  3 iguanas
  4 gnolls (D:9)
  6 adders
  A shadow imp (D:6)
  2 white imps
  6 ufetubi
  A worm (D:2)
  3 dart slugs
  36 orcs
  5 ball pythons
  2 endoplasms
  4 giant cockroaches
  5 goblins
  8 hobgoblins
  7 jackals
  26 kobolds
  3 quokkas (D:2)
  6 bats
  2 frilled lizards (D:1)
  5 rats
306 creatures vanquished.

Notes
Turn   | Place    | Note
-------+----------+-------------------------------------------
     0 | D:1      | grandjackal the Ghoul Monk began the quest for the Orb.
     0 | D:1      | Reached XP level 1. HP: 19/19 MP: 0/0
   136 | D:1      | Reached XP level 2. HP: 26/26 MP: 1/1
   558 | D:1      | Reached XP level 3. HP: 33/33 MP: 2/2
  1197 | D:2      | Reached XP level 4. HP: 38/40 MP: 3/3
  1231 | D:2      | Reached skill level 1 in Armour
  1658 | D:3      | Noticed a kobold brigand
  1667 | D:3      | Killed a kobold brigand
  1668 | D:3      | Reached XP level 5. HP: 35/47 MP: 4/4
  1676 | D:3      | Noticed Natasha
  1686 | D:3      | Killed Natasha
  1692 | D:3      | Noticed Natasha
  1795 | D:3      | Killed Natasha
  1820 | D:3      | Noticed Natasha
  1825 | D:3      | Killed Natasha
  1826 | D:3      | Reached skill level 5 in Fighting
  1826 | D:3      | Reached XP level 6. HP: 41/56 MP: 5/5
  2052 | D:3      | Noticed Grinder
  2069 | D:3      | Paralysed by Grinder for 5 turns
  2078 | D:3      | Killed Grinder
  2079 | D:3      | Reached skill level 5 in Unarmed Combat
  2247 | D:3      | Reached XP level 7. HP: 61/61 MP: 6/6
  2298 | D:3      | Noticed Ijyb
  2312 | D:3      | Killed Ijyb
  2915 | D:4      | Found a radiant altar of Vehumet.
  2916 | D:4      | Found a stormy altar of Qazlal.
  2917 | D:4      | Found a shimmering blue altar of Sif Muna.
  2917 | D:4      | Noticed a steam dragon
  2928 | D:4      | Found a transporter.
  3013 | D:4      | Found a transporter.
  3464 | D:5      | Entered Level 5 of the Dungeon
  3604 | D:5      | Reached XP level 8. HP: 36/71 MP: 7/7
  4009 | D:5      | Noticed a yak
  4009 | D:5      | Noticed a yak
  4010 | D:5      | Noticed a yak
  4011 | D:5      | Noticed a yak
  4011 | D:5      | Noticed a yak
  4023 | D:5      | Killed a yak
  4023 | D:5      | Noticed Eustachio
  4034 | D:5      | Killed Eustachio
  4040 | D:5      | Killed a yak
  4041 | D:5      | Reached skill level 5 in Armour
  4049 | D:5      | Killed a yak
  4055 | D:5      | Killed a yak
  4056 | D:5      | Reached XP level 9. HP: 25/81 MP: 8/8
  4311 | D:5      | Found a transporter.
  4313 | D:5      | Noticed Demosthentine's ghost (amateur DsGl)
  4407 | D:5      | Found a transporter.
  5072 | D:6      | Noticed Pikel
  5091 | D:6      | Reached skill level 1 in Spellcasting
  5095 | D:6      | Killed Pikel
  5220 | D:6      | Reached XP level 10. HP: 88/91 MP: 12/12
  5586 | D:7      | Found Batopto's Weapon Emporium.
  5999 | D:7      | Found a staircase to the Ecumenical Temple.
  6035 | Temple   | Entered the Ecumenical Temple
  6041 | Temple   | Became a worshipper of Kikubaaqudgha
  6041 | Temple   | Reached * piety under Kikubaaqudgha
  6041 | Temple   | Received a gift from Kikubaaqudgha
  6041 | Temple   | Reached ** piety under Kikubaaqudgha
  6053 | D:7      | Learned a level 3 spell: Vampiric Draining
  6058 | D:7      | Learned a level 4 spell: Animate Dead
  6140 | D:7      | Reached skill level 10 in Fighting
  6157 | D:7      | Reached skill level 1 in Necromancy
  6679 | D:8      | Reached skill level 10 in Unarmed Combat
  7083 | D:8      | Found a sacrificial altar of Ru.
  7170 | D:8      | Learned a level 4 spell: Dispel Undead
  7577 | D:9      | Noticed a two-headed ogre
  7588 | D:9      | Killed a two-headed ogre
  7589 | D:9      | Reached XP level 11. HP: 77/102 MP: 14/14
  7724 | D:9      | Found a staircase to the Orcish Mines.
  7745 | D:9      | Reached *** piety under Kikubaaqudgha
  7745 | D:9      | Received a gift from Kikubaaqudgha
  8091 | D:9      | Got Sif Muna's Beginning Course on Mystical Knowledge
  8540 | D:9      | Noticed Psyche
  8554 | D:9      | Killed Psyche
  8961 | D:10     | Entered Level 10 of the Dungeon
  9117 | D:10     | Noticed a two-headed ogre
  9128 | D:9      | Reached skill level 5 in Necromancy
  9281 | D:10     | Killed a two-headed ogre
  9807 | D:10     | Noticed a purple ugly thing
  9819 | D:10     | Killed a purple ugly thing
 10293 | D:10     | Reached **** piety under Kikubaaqudgha
 10322 | D:10     | Found a staircase to the Lair.
 10668 | D:11     | Noticed Erica
 10670 | D:11     | Erica changed into Erica the glass eye
 10670 | D:11     | Noticed Erica
 10676 | D:11     | Killed Erica the glass eye
 10916 | D:11     | Reached XP level 12. HP: 71/113 MP: 15/15
 11032 | D:11     | Learned a level 6 spell: Death Channel
 11608 | D:12     | Reached ***** piety under Kikubaaqudgha
 12094 | D:12     | HP: 1/113 [slime creature (15)]
 12813 | D:13     | Found Vixawor's Book Shoppe.
 12918 | Lair:1   | Entered Level 1 of the Lair of Beasts
 14030 | Lair:2   | Mangled by a polar bear

Illustrated notes

Levels and vault maps discovered:
D:1:      ebering_trefoil_3fold, layout_loops_corners, minmay_cut_off
D:2:      layout_rooms, dreamdust_wishing_well
D:3:      layout_basic, uniq_natasha, uniq_ijyb, uniq_grinder
D:4:      layout_basic, gammafunk_temple_overflow_arena
D:5:      layout_loops_corners, gammafunk_ghost_arena, uniq_eustachio
D:6:      minmay_flawed_box, layout_rooms, uniq_pikel
D:7:      layout_gridville, minmay_temple_entry_junction, serial_shops, shop
D:8:      layout_basic, amcnicky_altar_gilded
D:9:      layout_loops_ring, hiddenorc1_lemuel, serial_aquarium,
          aquarium_bridge_long_joined [aquarium_subvault_window,
          aquarium_subvault_bridge, aquarium_subvault_balcony,
          aquarium_subvault_bridge, aquarium_subvault_bridge,
          aquarium_subvault_bridge], aquarium_window_3, aquarium_window_1,
          aquarium_window_1, aquarium_window_fake, aquarium_view_2a,
          aquarium_view_2d, aquarium_balcony_3a, minivault_5, uniq_psyche
D:10:     layout_gridville, hellmonk_lair_entry_icy
D:11:     layout_basic, uniq_erica
D:12:     layout_irregular_city, water_boxes_lemuel
D:13:     layout_basic, serial_shops, shop, serial_glass, glass_columns_c,
          glass_columns_c, nicolae_shop_overcharged_wands, uniq_erolcha,
          uniq_frances, uniq_kirke
Temple:   dpeg_three_leaves_temple
Lair:1:   layout_roguey
Lair:2:   layout_regular_city, minmay_shoals_entry_centaurs,
          nicolae_spider_entry_non_spiders, minmay_shattered_shrine,
          grunt_megastairs_4

Skill      XL: |  1  2  3  4  5  6  7  8  9 10 11 12 |
---------------+-------------------------------------+-----
Dodging        | 3 |  3.0
Fighting       | 4 5 6 8 9 11 12 13 | 13.6
Unarmed Combat | 4 5 6 7 9 10 12 13 | 13.4
Armour         | 1 2 3 4 5 6 |  6.1
Spellcasting   | 2 3 |  3.3
Necromancy     | 4 7 8 |  8.7

Action                     |  1- 3 |  4- 6 |  7- 9 | 10-12 || total
---------------------------+-------+-------+-------+-------++-------
  Melee: Unarmed           |   125 |    94 |   277 |   718 ||  1214
         Punch             |       |       |       |     4 ||     4
 Invoke: Torment           |       |       |       |     1 ||     1
  Evoke: Wand              |       |       |       |    11 ||    11
    Use: Potion            |       |       |     3 |     2 ||     5
         Scroll            |       |       |       |     2 ||     2
 Armour: Robe              |    20 |       |       |       ||    20
         Scale mail        |    64 |    58 |   204 |   340 ||   666
         Acid dragon scale |       |       |       |   281 ||   281
  Dodge: Dodged            |    80 |    42 |   100 |   421 ||   643

Table legend: (Time is in decaauts)
 A = Elapsed time spent in this place.
 B = Non-inter-level travel time spent in this place.
 C = Inter-level travel time spent in this place.
 D = Time resting spent in this place.
 E = Time spent auto-exploring this place.
 F = Levels seen in this place.
 G = Mean time per level.
                   A        B        C        D        E       F      G
               +--------+--------+--------+--------+--------+-----+--------+
         Total |  13827 |  13219 |    608 |   3537 |   7497 |  16 |  864.2 |
       Dungeon |  12725 |  12151 |    574 |   3174 |   6909 |  13 |  978.8 |
        Temple |     12 |     12 |      0 |      0 |      0 |   1 |   12.0 |
          Lair |   1089 |   1056 |     33 |    363 |    588 |   2 |  544.5 |
               +--------+--------+--------+--------+--------+-----+--------+

Top non-repeatable levels by time:
     D:9: 2211 daAuts
     D:5: 1351 daAuts
     D:7: 1297 daAuts
    D:12: 1229 daAuts
  Lair:1: 1067 daAuts
    D:10: 973 daAuts
     D:1: 932 daAuts
     D:3: 903 daAuts
    D:11: 825 daAuts
     D:2: 807 daAuts
     D:4: 805 daAuts
     D:8: 706 daAuts
     D:6: 671 daAuts
  Lair:2: 21 daAuts
  Temple: 12 daAuts
